 Dungeon Crawl Stone Soup version 0.29-a0-575-g0dc89cf053 (webtiles) character file.

Game seed: 13590020381661089526

24 xian the Sneak (level 2, -1/20 HPs)
             Began as a Draconian Enchanter on June 12, 2022.
             Slain by an adder (2 damage)
             ... on level 2 of the Dungeon.
             The game lasted 00:02:32 (1189 turns).

xian the Sneak (Draconian Enchanter)                Turns: 1189, Time: 00:02:32

Health: -1/20      AC:  4    Str: 10    XL:     2   Next: 79%
Magic:  5/5        EV: 12    Int: 15    God:
Gold:   75         SH:  0    Dex: 11    Spells: 5/5 levels left

rFire   . . .      SeeInvis .   a - +1 dagger
rCold   . . .      Faith    .   (no shield)
rNeg    . . .      Spirit   .   (body armour unavailable)
rPois   .          Reflect  .   (helmet restricted)
rElec   .          Harm     .   (no cloak)
rCorr   .          Rampage  .   (no gloves)
Will    .....                   (no boots)
Stlth   ++........              (no amulet)
HPRegen 0.06/turn               (no ring)
MPRegen 0.09/turn               (no ring)

@: lethally poisoned (-1 -> -10)
A: AC +4, unfitting armour, cold-blooded
a: no special abilities


You were on level 2 of the Dungeon.
You visited 1 branch of the dungeon, and saw 2 of its levels.

You collected 75 gold pieces.

Inventory:

Hand Weapons
 a - a +1 dagger (weapon)
Scrolls
 g - a scroll of brand weapon {unknown}
 i - a scroll of vulnerability {unknown}
Potions
 b - 2 potions of invisibility
 c - a potion of mutation {unknown}
 d - a potion of haste
 e - a potion of might {unknown}
 f - a potion of berserk rage {unknown}
 h - a potion of attraction {unknown}


   Skills:
 + Level 0.2 Fighting
 + Level 1.0 Short Blades
 + Level 1.9 Dodging
 + Level 3.2 Stealth
 + Level 2.2 Spellcasting
 + Level 3.0 Hexes


You had 5 spell levels left.
You didn't know any spells.
Your spell library contained the following spells:

 Spells                   Type           Power      Damage    Failure   Level
 Ensorcelled Hibernation  Hex/Ice        12%        N/A       19%         2
 Confusing Touch          Hex            10%        N/A       19%         3
 Tukima's Dance           Hex            10%        N/A       19%         3
 Dazzling Flash           Conj/Hex       12%        N/A       34%         3


Dungeon Overview and Level Annotations

Branches:
Dungeon (2/15)

Altars:


Innate Abilities, Weirdness & Mutations

Your plain brown scales are hard. (AC +4)
You cannot fit into any form of body armour.
You are cold-blooded and may be slowed by cold attacks.


Message History

You miss the adder.
The adder is moderately wounded.
The adder bites you but does no damage. The goblin hits you but does no damage.
You closely miss the adder.
Your tail-slap misses the adder.
The adder is moderately wounded.
The adder bites you but does no damage. The goblin barely misses you.
The adder barely misses you.
You hit the adder.
The adder is moderately wounded.
The adder bites you.
You are poisoned.
The adder poisons you! The goblin completely misses you.
You barely miss the adder.
The adder is moderately wounded.
You feel sick. The adder misses you. The goblin closely misses you.
You hit the adder but do no damage.
Your tail-slap misses the adder.
The adder is moderately wounded.
You feel sick. The adder bites you but does no damage.
The goblin closely misses you.
You closely miss the adder.
The adder is moderately wounded.
You feel sick. The adder barely misses you. The goblin barely misses you.
The adder bites you.
You are more poisoned.
The adder poisons you!
You hit the adder.
The adder is moderately wounded.
You feel sick. The adder barely misses you.
You feel sick. The adder bites you.
* * * LOW HITPOINT WARNING * * *
* * * LOW HITPOINT WARNING * * *
You feel sick. The goblin misses you. The adder bites you.
* * * LOW HITPOINT WARNING * * *
You are more poisoned.
The adder poisons you! The goblin attacks as you move away!
The goblin hits you but does no damage.
* * * LOW HITPOINT WARNING * * *
You feel very sick. The adder barely misses you. The adder bites you.
You die...

..............
..[..............#
[................#
.................#
................#
.>..............#.!
#..........$.....
#.......S)#
#......@g.#
#####.##### #..#
#.## ###.# #...#
#.### #.# #.#


You could see an adder and a goblin.

Vanquished Creatures
  5 endoplasms
  3 goblins
  3 hobgoblins
  3 ball pythons
  2 bats
  2 frilled lizards (D:1)
  4 kobolds (D:1)
  A rat (D:2)
23 creatures vanquished.

Notes
Turn   | Place    | Note
-------+----------+-------------------------------------------
     0 | D:1      | xian the Draconian Enchanter began the quest for the Orb.
     0 | D:1      | Reached XP level 1. HP: 14/14 MP: 3/3
   521 | D:1      | Reached XP level 2. HP: 20/20 MP: 5/5
  1189 | D:2      | HP: 1/20 [poisoned by an adder]
  1189 | D:2      | Slain by an adder

Illustrated notes

Levels and vault maps discovered:
D:1:      amcnicky_arrival_choice, layout_loops_cross
D:2:      layout_rooms, serial_shops, nicolae_shop_statue_plus, shop,
          serial_forest, infiniplex_forest_lined_2, infiniplex_forest_lined_2,
          infiniplex_forest_lined_room_3, infiniplex_forest_straight_2,
          infiniplex_forest_lined_4_way, kennysheep_generic_room_7

Skill      XL: |  1  2 |
---------------+-------+-----
Stealth        | 3 |  3.2
Hexes          | 3 |  3.0
Fighting       | |  0.2
Short Blades   | |  1.0
Dodging        | |  1.9
Spellcasting   | |  2.2

Action                   || total
-------------------------++-------
Melee: Dagger            ||    66
       Tailslap          ||     5
  Use: Scroll            ||     2
 Stab: Sleeping          ||    12
Armor: Skin              ||    23
Dodge: Dodged            ||    46

Table legend: (Time is in decaauts)
 A = Elapsed time spent in this place.
 B = Non-inter-level travel time spent in this place.
 C = Inter-level travel time spent in this place.
 D = Time resting spent in this place.
 E = Time spent auto-exploring this place.
 F = Levels seen in this place.
 G = Mean time per level.
                   A        B        C        D        E       F      G
               +--------+--------+--------+--------+--------+-----+--------+
         Total |   1187 |   1173 |     14 |      0 |    897 |   2 |  593.5 |
       Dungeon |   1187 |   1173 |     14 |      0 |    897 |   2 |  593.5 |
               +--------+--------+--------+--------+--------+-----+--------+

Top non-repeatable levels by time:
     D:1: 943 daAuts
     D:2: 244 daAuts
